[ AOE2 MATCH · #482258564 ]
Team RMVietnamese vs Bohemians
[ REPLAY ANALYSIS · EXTRACTED FROM THE RECORDED GAME ]
Feudal
—
Castle
—
Imperial
—
| APM avg | 13.3 |
| APM peak | 38 |
| eAPM avg | 11.2 |
| Villagers / military | 127 / 212 |
Focus
⚔️ 40.3% · 🌾 59.7%
Skirmisher ×101 · Battle Elephant ×46 · Cavalry Archer ×18 · Fire Lancer ×15 · Archer ×11 · Rattan Archer ×11
Feudal
—
Castle
—
Imperial
—
| APM avg | 17.2 |
| APM peak | 55 |
| eAPM avg | 13.2 |
| Villagers / military | 82 / 380 |
Focus
⚔️ 63.3% · 🌾 36.7%
Skirmisher ×110 · Steppe Lancer ×108 · Cavalry Archer ×94 · Fire Lancer ×48 · Unknown (1920) ×33 · Trade Cart ×19
Feudal
—
Castle
—
Imperial
—
| APM avg | 10.1 |
| APM peak | 30 |
| eAPM avg | 8.9 |
| Villagers / military | 116 / 112 |
Focus
⚔️ 37.3% · 🌾 62.7%
Ballista Elephant ×49 · Battle Elephant ×33 · Trade Cart ×22 · Scorpion ×14 · Mangonel ×9 · Trebuchet (Packed) ×4
Feudal
—
Castle
—
Imperial
—
| APM avg | 9.3 |
| APM peak | 43 |
| eAPM avg | 7.9 |
| Villagers / military | 65 / 250 |
Focus
⚔️ 60.6% · 🌾 39.4%
Skirmisher ×100 · Longbowman ×45 · Scout Cavalry ×43 · Spearman ×31 · Archer ×7 · Cavalry Archer ×7
Feudal
—
Castle
—
Imperial
—
| APM avg | 7.1 |
| APM peak | 27 |
| eAPM avg | 6.3 |
| Villagers / military | 78 / 415 |
Focus
⚔️ 53.5% · 🌾 46.5%
Samurai ×375 · Trade Cart ×20 · Spearman ×15 · Trebuchet (Packed) ×15 · Skirmisher ×10
Feudal
—
Castle
—
Imperial
—
| APM avg | 7.6 |
| APM peak | 44 |
| eAPM avg | 5.9 |
| Villagers / military | 65 / 154 |
Focus
⚔️ 40.8% · 🌾 59.2%
Spearman ×110 · Unknown (2582) ×53 · Unknown (2579) ×40 · Mangonel ×25 · Unknown (2550) ×12 · Skirmisher ×9
Feudal
—
Castle
—
Imperial
—
| APM avg | 27.1 |
| APM peak | 111 |
| eAPM avg | 24.5 |
| Villagers / military | 107 / 139 |
Focus
⚔️ 8.1% · 🌾 91.9%
Hussite Wagon ×64 · Militia ×20 · Skirmisher ×20 · Scout Cavalry ×20 · Trade Cart ×9 · Bombard Cannon ×8
Feudal
—
Castle
—
Imperial
—
| APM avg | 21.2 |
| APM peak | 66 |
| eAPM avg | 10.2 |
| Villagers / military | 178 / 313 |
Focus
⚔️ 31.1% · 🌾 68.9%
Spearman ×253 · Knight ×42 · Throwing Axeman ×15 · Trade Cart ×11 · Trebuchet (Packed) ×3
Match map
Initial resources + every placement click. Lines = walls · curves = elevation contours. ◆ gold · ⬟ stone · ● berries · ✦ relic · ◌ wall gap
Your base· ✓ Closed at 17:01 · 0t walls · 3 gate(s)
Hans Brix's base· ✓ Closed at 19:41 · 0t walls · 2 gate(s)
drtySASQUATCH69's base· ✓ Closed at 23:14 · 0t walls · 2 gate(s)
Skr111992's base· ✓ Closed at 28:24 · 0t walls · 3 gate(s)
DarkSaintOfWar's base· ✓ Closed at 22:26 · 0t walls · 3 gate(s)
CaptSquigglyP_IV's base· ✓ Closed at 20:39 · 7t walls · 2 gate(s)
Hitman4Hire24's base· ✓ Closed at 31:15 · 0t walls · 3 gate(s)
danidevin's base· ✓ Closed at 36:15 · 12t walls · 3 gate(s)
Smoothed initial terrain · ◌ = detected wall gap · hover for details
Inputs per minute
— def4bensemana - - Hans Brix
Build order — def4bensemana
First 150 of 503 actions detected
| 0:03 | Research | Loom |
| 0:04 | Create | Villager (Male) |
| 0:04 | Create | Villager (Male) |
| 0:04 | Create | Villager (Male) |
| 0:05 | Create | Villager (Male) |
| 0:05 | Create | Villager (Male) |
| 0:15 | Build | House |
| 0:17 | Build | House |
| 0:19 | Build | House |
| 0:22 | Build | House |
| 2:12 | Build | Lumber Camp |
| 2:18 | Create | Villager (Male) |
| 2:19 | Create | Villager (Male) |
| 2:56 | Create | Villager (Male) |
| 3:18 | Create | Villager (Male) |
| 3:18 | Create | Villager (Male) |
| 3:52 | Create | Villager (Male) |
| 4:16 | Create | Villager (Male) |
| 4:16 | Create | Villager (Male) |
| 5:11 | Build | Mill |
| 5:17 | Create | Villager (Male) |
| 5:17 | Create | Villager (Male) |
| 5:17 | Create | Villager (Male) |
| 5:58 | Create | Villager (Male) |
| 5:58 | Create | Villager (Male) |
| 5:58 | Create | Villager (Male) |
| 7:07 | Create | Villager (Male) |
| 7:07 | Create | Villager (Male) |
| 7:07 | Create | Villager (Male) |
| 7:08 | Create | Villager (Male) |
| 7:41 | Create | Villager (Male) |
| 7:41 | Create | Villager (Male) |
| 7:41 | Create | Villager (Male) |
| 8:17 | Build | Mining Camp |
| 9:20 | Create | Villager (Male) |
| 10:05 | Research | Feudal Age |
| 10:11 | Build | House |
| 10:12 | Build | House |
| 10:14 | Build | House |
| 10:49 | Build | Barracks |
| 12:15 | Build | Mill |
| 12:30 | Create | Villager (Male) |
| 12:30 | Create | Villager (Male) |
| 12:30 | Create | Villager (Male) |
| 12:30 | Create | Villager (Male) |
| 12:31 | Create | Villager (Male) |
| 12:39 | Research | Double-Bit Axe |
| 12:58 | Research | Gold Mining |
| 13:40 | Research | Stone Mining |
| 13:53 | Build | Market |
| 14:41 | Create | Villager (Male) |
| 14:42 | Create | Villager (Male) |
| 14:42 | Create | Villager (Male) |
| 16:00 | Build | Mining Camp |
| 16:13 | Build | Blacksmith |
| 17:01 | Research | Castle Age |
| 17:14 | Create | Villager (Male) |
| 17:15 | Create | Villager (Male) |
| 17:15 | Create | Villager (Male) |
| 17:15 | Create | Villager (Male) |
| 17:35 | Build | Archery Range |
| 17:39 | Create | Spearman |
| 17:39 | Create | Spearman |
| 18:10 | Create | Spearman |
| 18:22 | Create | Archer |
| 18:22 | Create | Archer |
| 18:23 | Create | Archer |
| 18:23 | Create | Archer |
| 18:23 | Create | Archer |
| 18:23 | Create | Archer |
| 18:38 | Build | Mill |
| 19:14 | Research | Fletching |
| 20:15 | Build | Castle |
| 20:27 | Build | Stone Wall |
| 20:54 | Create | Spearman |
| 20:54 | Create | Spearman |
| 20:54 | Create | Spearman |
| 21:01 | Build | House |
| 21:01 | Build | House |
| 21:01 | Build | House |
| 21:01 | Build | House |
| 21:02 | Build | House |
| 21:02 | Build | House |
| 21:02 | Build | House |
| 22:43 | Create | Villager (Male) |
| 22:43 | Create | Villager (Male) |
| 22:44 | Create | Villager (Male) |
| 22:44 | Create | Villager (Male) |
| 22:44 | Create | Villager (Male) |
| 22:44 | Create | Villager (Male) |
| 23:06 | Research | Padded Archer Armor |
| 23:11 | Create | Fire Lancer |
| 23:12 | Create | Fire Lancer |
| 24:37 | Build | Castle |
| 24:46 | Build | Siege Workshop |
| 24:58 | Research | Elite Skirmisher (upgrade) |
| 24:59 | Create | Skirmisher |
| 24:59 | Create | Skirmisher |
| 24:59 | Create | Skirmisher |
| 25:26 | Create | Mangonel |
| 25:38 | Create | Fire Lancer |
| 25:38 | Create | Fire Lancer |
| 25:39 | Create | Fire Lancer |
| 25:39 | Create | Fire Lancer |
| 25:39 | Create | Fire Lancer |
| 27:28 | Create | Mangonel |
| 28:21 | Create | Archer |
| 28:21 | Create | Archer |
| 28:21 | Create | Archer |
| 28:22 | Create | Archer |
| 28:22 | Create | Archer |
| 28:58 | Build | Farm |
| 29:00 | Build | Farm |
| 29:01 | Build | Farm |
| 29:36 | Build | Farm |
| 29:38 | Build | Farm |
| 29:49 | Research | Horse Collar |
| 30:37 | Create | Fire Lancer |
| 30:37 | Create | Fire Lancer |
| 30:43 | Create | Mangonel |
| 31:02 | Build | Lumber Camp |
| 31:23 | Research | Stone Shaft Mining |
| 31:32 | Build | Town Center |
| 32:09 | Create | Villager (Male) |
| 32:10 | Create | Villager (Male) |
| 32:10 | Create | Villager (Male) |
| 33:22 | Create | Villager (Male) |
| 33:23 | Create | Villager (Male) |
| 33:23 | Create | Villager (Male) |
| 33:37 | Create | Villager (Male) |
| 33:38 | Create | Villager (Male) |
| 33:46 | Build | Farm |
| 33:56 | Build | Farm |
| 34:01 | Create | Villager (Male) |
| 34:01 | Create | Villager (Male) |
| 34:29 | Build | Farm |
| 35:10 | Research | Heavy Plow |
| 35:17 | Build | Farm |
| 35:18 | Build | Farm |
| 35:29 | Create | Villager (Male) |
| 35:29 | Create | Villager (Male) |
| 35:30 | Create | Villager (Male) |
| 35:30 | Create | Villager (Male) |
| 35:33 | Create | Villager (Male) |
| 35:33 | Create | Villager (Male) |
| 35:34 | Create | Villager (Male) |
| 35:34 | Create | Villager (Male) |
| 35:34 | Create | Villager (Male) |
| 35:49 | Create | Trade Cart |
| 35:49 | Create | Trade Cart |
Build order — Hans Brix
First 150 of 686 actions detected
| 0:08 | Build | House |
| 0:09 | Build | House |
| 0:15 | Research | Loom |
| 0:16 | Create | Villager (Male) |
| 0:16 | Create | Villager (Male) |
| 0:16 | Create | Villager (Male) |
| 0:17 | Create | Villager (Male) |
| 0:53 | Build | House |
| 2:24 | Build | Mill |
| 2:38 | Create | Villager (Male) |
| 3:20 | Create | Villager (Male) |
| 4:06 | Create | Villager (Male) |
| 4:22 | Create | Villager (Male) |
| 5:21 | Build | Lumber Camp |
| 5:25 | Create | Villager (Male) |
| 5:25 | Create | Villager (Male) |
| 5:50 | Create | Villager (Male) |
| 5:50 | Create | Villager (Male) |
| 6:11 | Create | Villager (Male) |
| 6:30 | Create | Villager (Male) |
| 8:01 | Build | House |
| 8:08 | Create | Villager (Male) |
| 8:08 | Create | Villager (Male) |
| 8:09 | Create | Villager (Male) |
| 8:09 | Create | Villager (Male) |
| 8:40 | Build | Pasture |
| 8:49 | Build | House |
| 9:06 | Build | Pasture |
| 9:40 | Research | Feudal Age |
| 10:17 | Create | Villager (Male) |
| 10:17 | Create | Villager (Male) |
| 10:18 | Create | Villager (Male) |
| 10:25 | Build | Mining Camp |
| 10:45 | Build | Mining Camp |
| 10:52 | Create | Villager (Male) |
| 10:52 | Create | Villager (Male) |
| 11:59 | Research | Double-Bit Axe |
| 12:10 | Research | Tech 1014 |
| 12:51 | Create | Villager (Male) |
| 12:51 | Create | Villager (Male) |
| 13:08 | Build | Market |
| 15:32 | Build | Barracks |
| 15:36 | Create | Villager (Male) |
| 15:36 | Create | Villager (Male) |
| 15:36 | Create | Villager (Male) |
| 15:37 | Create | Villager (Male) |
| 15:37 | Create | Villager (Male) |
| 15:48 | Research | Gold Mining |
| 15:55 | Build | House |
| 15:56 | Build | House |
| 15:57 | Build | House |
| 16:01 | Build | House |
| 16:32 | Build | Pasture |
| 16:41 | Build | Pasture |
| 16:53 | Build | Stable |
| 17:27 | Create | Trade Cart |
| 17:31 | Create | Trade Cart |
| 17:31 | Create | Trade Cart |
| 17:43 | Build | Pasture |
| 17:58 | Build | Pasture |
| 18:17 | Create | Villager (Male) |
| 18:17 | Create | Villager (Male) |
| 18:18 | Create | Villager (Male) |
| 18:25 | Create | Villager (Male) |
| 19:41 | Research | Castle Age |
| 19:58 | Build | Archery Range |
| 20:19 | Create | Villager (Male) |
| 20:19 | Create | Villager (Male) |
| 20:20 | Create | Villager (Male) |
| 20:46 | Build | Lumber Camp |
| 21:23 | Build | Watch Tower |
| 21:29 | Create | Villager (Male) |
| 21:29 | Create | Villager (Male) |
| 21:49 | Create | Villager (Male) |
| 21:49 | Create | Villager (Male) |
| 21:56 | Build | Pasture |
| 22:03 | Create | Trade Cart |
| 22:04 | Create | Trade Cart |
| 22:04 | Create | Trade Cart |
| 22:42 | Build | Pasture |
| 22:45 | Research | Tech 1013 |
| 22:48 | Research | Bow Saw |
| 23:11 | Build | Town Center |
| 23:20 | Create | Villager (Male) |
| 23:20 | Create | Villager (Male) |
| 23:20 | Create | Villager (Male) |
| 24:21 | Build | Town Center |
| 24:34 | Build | House |
| 24:35 | Build | House |
| 24:40 | Build | House |
| 24:52 | Research | Squires |
| 24:53 | Research | Gambesons |
| 24:58 | Research | Husbandry |
| 25:09 | Build | Blacksmith |
| 25:11 | Create | Villager (Male) |
| 25:11 | Create | Villager (Male) |
| 25:11 | Create | Villager (Male) |
| 25:12 | Create | Villager (Male) |
| 25:12 | Create | Villager (Male) |
| 25:43 | Build | Lumber Camp |
| 25:58 | Build | Monastery |
| 26:07 | Create | Villager (Male) |
| 26:07 | Create | Villager (Male) |
| 26:07 | Create | Villager (Male) |
| 26:48 | Build | Town Center |
| 26:59 | Build | Mining Camp |
| 27:04 | Create | Monk |
| 27:05 | Research | Fervor |
| 27:16 | Create | Steppe Lancer |
| 27:16 | Create | Steppe Lancer |
| 27:16 | Create | Steppe Lancer |
| 27:16 | Create | Steppe Lancer |
| 27:17 | Create | Steppe Lancer |
| 27:17 | Create | Steppe Lancer |
| 27:54 | Build | Stable |
| 28:07 | Build | Mining Camp |
| 28:25 | Build | University |
| 28:36 | Create | Monk |
| 28:47 | Research | Caravan |
| 28:48 | Create | Trade Cart |
| 28:48 | Create | Trade Cart |
| 28:51 | Create | Villager (Male) |
| 28:51 | Create | Villager (Male) |
| 28:51 | Create | Villager (Male) |
| 28:51 | Create | Villager (Male) |
| 28:52 | Create | Villager (Male) |
| 28:52 | Create | Villager (Male) |
| 28:52 | Create | Villager (Male) |
| 28:52 | Create | Villager (Male) |
| 28:58 | Create | Villager (Male) |
| 28:58 | Create | Villager (Male) |
| 28:58 | Create | Villager (Male) |
| 30:03 | Create | Steppe Lancer |
| 30:03 | Create | Steppe Lancer |
| 30:03 | Create | Steppe Lancer |
| 30:04 | Create | Steppe Lancer |
| 30:26 | Build | Castle |
| 30:45 | Create | Steppe Lancer |
| 30:45 | Create | Steppe Lancer |
| 30:45 | Create | Steppe Lancer |
| 30:45 | Create | Steppe Lancer |
| 30:55 | Build | House |
| 30:56 | Build | House |
| 31:45 | Research | Thumb Ring |
| 31:50 | Create | Fire Lancer |
| 31:51 | Create | Fire Lancer |
| 31:51 | Create | Fire Lancer |
| 31:51 | Create | Fire Lancer |
| 31:51 | Create | Fire Lancer |
| 33:07 | Create | Cavalry Archer |
Build order — drtySASQUATCH69
First 150 of 402 actions detected
| 0:05 | Build | House |
| 0:08 | Create | Villager (Male) |
| 0:09 | Create | Villager (Male) ×3 |
| 0:09 | Research | Loom |
| 0:43 | Build | House |
| 0:45 | Build | House |
| 1:51 | Create | Villager (Male) |
| 2:35 | Create | Villager (Male) |
| 2:47 | Create | Villager (Male) |
| 2:47 | Create | Villager (Male) |
| 3:13 | Create | Villager (Male) |
| 3:31 | Create | Villager (Male) |
| 4:19 | Create | Villager (Male) |
| 4:19 | Create | Villager (Male) |
| 4:33 | Create | Villager (Male) |
| 4:55 | Create | Villager (Male) |
| 5:37 | Create | Villager (Male) |
| 5:37 | Create | Villager (Male) |
| 6:08 | Create | Villager (Male) |
| 6:09 | Create | Villager (Male) |
| 7:15 | Create | Villager (Male) |
| 7:20 | Build | House |
| 7:25 | Build | House |
| 7:29 | Create | Villager (Male) |
| 7:30 | Create | Villager (Male) |
| 9:01 | Create | Villager (Male) |
| 9:02 | Create | Villager (Male) |
| 9:07 | Build | Lumber Camp |
| 9:36 | Build | House |
| 10:04 | Build | Farm |
| 10:24 | Build | House |
| 10:30 | Build | Farm |
| 10:33 | Create | Villager (Male) |
| 10:33 | Create | Villager (Male) |
| 10:43 | Build | Mining Camp |
| 10:47 | Create | Villager (Male) |
| 11:04 | Build | Farm |
| 11:07 | Create | Villager (Male) |
| 11:07 | Create | Villager (Male) |
| 11:21 | Create | Villager (Male) |
| 11:29 | Build | Lumber Camp |
| 11:42 | Create | Villager (Male) |
| 12:26 | Create | Villager (Male) |
| 12:43 | Build | Farm |
| 12:46 | Create | Villager (Male) |
| 12:46 | Create | Villager (Male) |
| 13:13 | Build | Farm |
| 13:16 | Create | Villager (Male) |
| 13:25 | Build | Mill |
| 13:33 | Build | House |
| 13:35 | Build | House |
| 13:37 | Build | House |
| 13:39 | Build | House |
| 13:42 | Build | House |
| 13:43 | Build | House |
| 13:58 | Build | Farm |
| 14:01 | Create | Villager (Male) |
| 14:38 | Build | Farm |
| 14:48 | Build | Farm |
| 14:53 | Create | Villager (Male) |
| 15:20 | Build | Mining Camp |
| 15:23 | Create | Villager (Male) |
| 15:24 | Create | Villager (Male) |
| 15:49 | Create | Villager (Male) |
| 16:14 | Create | Villager (Male) |
| 16:54 | Build | House |
| 16:56 | Build | House |
| 16:59 | Build | House |
| 17:03 | Build | House |
| 17:05 | Build | House |
| 17:06 | Build | House |
| 17:21 | Research | Feudal Age |
| 19:19 | Build | Farm |
| 19:23 | Build | Farm |
| 19:28 | Build | Farm |
| 19:32 | Build | Farm |
| 19:36 | Build | Farm |
| 19:42 | Build | Farm |
| 19:46 | Build | Farm |
| 19:50 | Build | Farm |
| 19:59 | Build | Market |
| 20:03 | Research | Wheelbarrow |
| 20:10 | Research | Gold Mining |
| 20:12 | Research | Stone Mining |
| 20:16 | Research | Double-Bit Axe |
| 20:29 | Research | Horse Collar |
| 20:35 | Create | Villager (Male) |
| 20:35 | Create | Villager (Male) |
| 20:36 | Create | Villager (Male) |
| 20:37 | Create | Villager (Male) |
| 21:33 | Build | Blacksmith |
| 22:00 | Create | Villager (Male) |
| 22:14 | Build | Stable |
| 22:19 | Create | Villager (Male) |
| 22:46 | Build | Stable |
| 23:14 | Research | Castle Age |
| 23:45 | Build | Farm |
| 23:52 | Research | Bloodlines |
| 24:04 | Build | Stable |
| 24:12 | Build | Farm |
| 24:21 | Create | Trade Cart |
| 24:22 | Create | Trade Cart |
| 24:23 | Create | Trade Cart |
| 24:32 | Build | Farm |
| 24:54 | Build | Stable |
| 25:01 | Research | Forging |
| 25:01 | Research | Scale Barding Armor |
| 25:54 | Build | Stable |
| 26:41 | Research | Husbandry |
| 26:46 | Research | Hand Cart |
| 26:49 | Research | Heavy Plow |
| 26:53 | Research | Bow Saw |
| 27:37 | Research | Gold Shaft Mining |
| 27:42 | Create | Villager (Male) |
| 27:43 | Create | Villager (Male) |
| 27:43 | Create | Villager (Male) |
| 27:54 | Build | Castle |
| 28:11 | Build | Farm |
| 28:36 | Build | Farm |
| 28:40 | Create | Villager (Male) |
| 28:45 | Create | Battle Elephant |
| 28:45 | Create | Battle Elephant |
| 28:46 | Create | Battle Elephant |
| 28:46 | Create | Battle Elephant |
| 28:46 | Create | Battle Elephant |
| 28:47 | Create | Battle Elephant |
| 28:48 | Create | Battle Elephant |
| 28:49 | Create | Battle Elephant |
| 28:50 | Create | Battle Elephant |
| 29:05 | Build | Farm |
| 29:30 | Research | Iron Casting |
| 29:31 | Research | Chain Barding Armor |
| 29:45 | Build | Town Center |
| 29:49 | Build | Farm |
| 29:51 | Create | Villager (Male) |
| 29:52 | Create | Villager (Male) |
| 30:23 | Build | Farm |
| 30:33 | Research | Tusk Swords |
| 30:40 | Create | Villager (Male) |
| 31:40 | Build | Farm |
| 31:47 | Build | Town Center |
| 31:51 | Create | Villager (Male) |
| 31:52 | Create | Villager (Male) |
| 31:58 | Research | Caravan |
| 32:14 | Create | Battle Elephant |
| 32:14 | Create | Battle Elephant |
| 32:15 | Create | Battle Elephant |
| 32:26 | Build | Farm |
| 32:30 | Build | Farm |
| 32:34 | Create | Villager (Male) |
Build order — Skr111992
First 150 of 417 actions detected
| 0:26 | Build | House |
| 0:31 | Build | House |
| 0:35 | Build | House |
| 0:42 | Create | Villager (Male) |
| 0:43 | Create | Villager (Male) |
| 0:43 | Create | Villager (Male) |
| 0:43 | Create | Villager (Male) |
| 0:43 | Create | Villager (Male) |
| 0:44 | Create | Villager (Male) |
| 2:03 | Build | Mill |
| 2:14 | Create | Villager (Male) |
| 2:14 | Create | Villager (Male) |
| 2:44 | Create | Villager (Male) |
| 3:26 | Create | Villager (Male) |
| 3:30 | Create | Villager (Male) |
| 4:06 | Create | Villager (Male) |
| 4:51 | Create | Villager (Male) |
| 4:51 | Create | Villager (Male) |
| 4:51 | Create | Villager (Male) |
| 4:51 | Create | Villager (Male) |
| 5:25 | Build | Lumber Camp |
| 5:38 | Create | Villager (Male) |
| 5:38 | Create | Villager (Male) |
| 5:59 | Build | Farm |
| 6:24 | Create | Villager (Male) |
| 6:36 | Build | Farm |
| 7:35 | Build | House |
| 7:41 | Build | House |
| 8:42 | Build | Barracks |
| 8:45 | Research | Feudal Age |
| 10:11 | Create | Villager (Male) |
| 10:13 | Create | Villager (Male) |
| 10:14 | Create | Villager (Male) |
| 10:15 | Create | Villager (Male) |
| 10:16 | Create | Villager (Male) |
| 10:32 | Create | Militia |
| 11:00 | Build | Mining Camp |
| 11:20 | Create | Villager (Male) |
| 11:21 | Create | Villager (Male) |
| 11:32 | Build | Mining Camp |
| 11:41 | Research | Man-at-Arms (upgrade) |
| 11:41 | Create | Spearman |
| 11:55 | Build | Farm |
| 12:02 | Build | Farm |
| 12:12 | Build | Farm |
| 12:34 | Build | Farm |
| 13:07 | Build | Farm |
| 13:29 | Build | Farm |
| 13:39 | Build | Farm |
| 14:14 | Research | Loom |
| 14:26 | Create | Villager (Male) |
| 14:27 | Research | Wheelbarrow |
| 14:47 | Research | Double-Bit Axe |
| 15:48 | Build | Stable |
| 15:55 | Create | Villager (Male) |
| 16:02 | Research | Horse Collar |
| 17:00 | Create | Spearman |
| 17:00 | Create | Militia |
| 17:02 | Research | Arson |
| 17:02 | Create | Spearman |
| 17:03 | Create | Militia |
| 17:11 | Build | House |
| 17:16 | Build | House |
| 17:21 | Build | House |
| 17:24 | Build | House |
| 20:09 | Create | Scout Cavalry |
| 20:09 | Create | Scout Cavalry |
| 20:09 | Create | Scout Cavalry |
| 20:10 | Create | Scout Cavalry |
| 20:20 | Build | Archery Range |
| 22:07 | Create | Skirmisher |
| 22:07 | Create | Archer |
| 22:08 | Create | Skirmisher |
| 22:08 | Create | Archer |
| 22:09 | Create | Skirmisher |
| 22:09 | Create | Archer |
| 22:11 | Create | Skirmisher |
| 22:12 | Create | Skirmisher |
| 22:12 | Create | Skirmisher |
| 22:12 | Create | Skirmisher |
| 23:07 | Build | Archery Range |
| 23:12 | Create | Villager (Male) |
| 23:13 | Create | Villager (Male) |
| 23:13 | Create | Villager (Male) |
| 23:13 | Create | Villager (Male) |
| 23:13 | Create | Villager (Male) |
| 23:14 | Create | Villager (Male) |
| 23:19 | Build | House |
| 23:23 | Build | House |
| 23:27 | Build | Blacksmith |
| 23:34 | Build | Market |
| 23:56 | Build | Farm |
| 23:58 | Create | Villager (Male) |
| 23:59 | Create | Villager (Male) |
| 24:20 | Build | Farm |
| 24:37 | Build | Mining Camp |
| 24:46 | Build | Farm |
| 24:58 | Build | House |
| 25:09 | Build | House |
| 25:13 | Build | House |
| 25:22 | Build | Farm |
| 25:43 | Build | Farm |
| 25:53 | Build | Farm |
| 26:43 | Create | Villager (Male) |
| 28:24 | Research | Castle Age |
| 28:29 | Create | Scout Cavalry |
| 28:29 | Create | Scout Cavalry |
| 28:30 | Create | Scout Cavalry |
| 28:30 | Create | Scout Cavalry |
| 28:30 | Create | Scout Cavalry |
| 28:31 | Create | Scout Cavalry |
| 28:33 | Create | Skirmisher |
| 28:33 | Create | Skirmisher |
| 28:34 | Create | Skirmisher |
| 28:34 | Create | Skirmisher |
| 28:34 | Create | Skirmisher |
| 28:37 | Create | Skirmisher |
| 28:38 | Create | Skirmisher |
| 28:38 | Create | Skirmisher |
| 28:39 | Create | Skirmisher |
| 28:47 | Create | Villager (Male) |
| 28:47 | Create | Villager (Male) |
| 28:47 | Create | Villager (Male) |
| 30:05 | Research | Gold Mining |
| 30:14 | Create | Villager (Male) |
| 30:15 | Create | Villager (Male) |
| 30:20 | Create | Skirmisher |
| 30:20 | Create | Archer |
| 30:23 | Create | Skirmisher |
| 30:24 | Create | Archer |
| 30:27 | Create | Spearman |
| 30:28 | Create | Militia |
| 30:28 | Create | Spearman |
| 30:29 | Create | Militia |
| 30:29 | Create | Spearman |
| 30:32 | Create | Scout Cavalry |
| 30:33 | Create | Scout Cavalry |
| 31:20 | Research | Elite Skirmisher (upgrade) |
| 31:25 | Research | Light Cavalry (upgrade) |
| 31:26 | Research | Husbandry |
| 31:37 | Research | Pikeman (upgrade) |
| 32:04 | Build | House |
| 32:07 | Build | House |
| 32:10 | Build | House |
| 32:14 | Build | House |
| 32:16 | Build | House |
| 32:20 | Build | House |
| 32:23 | Build | House |
| 32:25 | Build | House |
| 32:29 | Build | House |
Build order — DarkSaintOfWar
First 150 of 236 actions detected
| 0:24 | Build | House |
| 0:28 | Build | House |
| 0:42 | Build | House |
| 0:49 | Build | House |
| 0:55 | Create | Villager (Male) ×4 |
| 2:02 | Create | Villager (Male) |
| 3:15 | Create | Villager (Male) ×2 |
| 3:33 | Create | Villager (Male) |
| 4:10 | Create | Villager (Male) ×2 |
| 4:41 | Create | Villager (Male) |
| 5:13 | Create | Villager (Male) ×2 |
| 5:29 | Create | Villager (Male) |
| 5:53 | Create | Villager (Male) |
| 6:48 | Build | Mill |
| 7:01 | Create | Villager (Male) |
| 7:58 | Create | Villager (Male) |
| 8:21 | Create | Villager (Male) ×5 |
| 8:23 | Create | Villager (Male) |
| 8:47 | Create | Villager (Male) |
| 9:01 | Build | House |
| 9:06 | Build | House |
| 9:10 | Build | House |
| 9:14 | Build | House |
| 9:28 | Build | Lumber Camp |
| 10:47 | Create | Villager (Male) ×5 |
| 11:07 | Build | Mining Camp |
| 11:38 | Build | Mining Camp |
| 12:23 | Research | Feudal Age |
| 12:37 | Build | House |
| 12:47 | Build | House |
| 12:54 | Build | House |
| 12:59 | Build | House |
| 13:13 | Create | Villager (Male) ×4 |
| 14:08 | Build | Farm |
| 14:22 | Build | Mill |
| 14:32 | Build | Farm |
| 14:39 | Build | Farm |
| 14:47 | Build | Farm |
| 14:53 | Build | Farm |
| 15:00 | Build | Farm |
| 15:10 | Build | Farm |
| 15:17 | Build | Farm |
| 15:25 | Build | Farm |
| 15:41 | Research | Wheelbarrow |
| 15:47 | Research | Double-Bit Axe |
| 15:59 | Research | Horse Collar |
| 16:18 | Build | Farm |
| 16:24 | Build | House |
| 16:29 | Build | House |
| 16:33 | Build | House |
| 16:40 | Build | House |
| 17:04 | Build | Market |
| 17:15 | Build | Blacksmith |
| 17:27 | Create | Villager (Male) ×5 |
| 17:38 | Build | Farm |
| 17:46 | Build | Mill |
| 17:54 | Build | Farm |
| 18:02 | Build | Farm |
| 18:09 | Build | Farm |
| 18:19 | Build | Barracks |
| 19:52 | Create | Villager (Male) ×5 |
| 20:04 | Build | Farm |
| 20:12 | Build | Farm |
| 20:19 | Build | Market |
| 20:27 | Build | Farm |
| 20:37 | Build | Mill |
| 20:41 | Build | Farm |
| 20:58 | Research | Arson |
| 21:02 | Research | Scale Mail Armor |
| 21:03 | Research | Forging |
| 21:04 | Research | Fletching |
| 21:18 | Build | Archery Range |
| 21:28 | Build | Archery Range |
| 22:26 | Research | Castle Age |
| 22:38 | Create | Spearman ×5 |
| 22:56 | Build | Farm |
| 23:08 | Build | Market |
| 23:20 | Build | Farm |
| 23:41 | Build | House |
| 23:48 | Build | House |
| 23:56 | Build | House |
| 24:01 | Build | House |
| 24:23 | Build | Market |
| 24:31 | Build | Market |
| 25:22 | Create | Skirmisher ×5 |
| 25:25 | Create | Skirmisher ×5 |
| 26:07 | Create | Villager (Male) ×5 |
| 26:08 | Research | Hand Cart |
| 26:17 | Research | Heavy Plow |
| 26:22 | Research | Bow Saw |
| 26:29 | Research | Gold Mining |
| 26:35 | Research | Stone Mining |
| 26:55 | Build | University |
| 27:08 | Build | Castle |
| 28:19 | Research | Treadmill Crane |
| 28:41 | Create | Villager (Male) ×5 |
| 28:44 | Create | Villager (Male) ×5 |
| 29:10 | Research | Squires |
| 29:14 | Research | Pikeman (upgrade) |
| 29:18 | Research | Chain Mail Armor |
| 29:19 | Research | Iron Casting |
| 30:28 | Create | Spearman ×5 |
| 30:29 | Create | Spearman ×5 |
| 30:38 | Create | Samurai ×5 |
| 30:40 | Create | Samurai ×2 |
| 30:50 | Build | Castle |
| 31:19 | Build | Mining Camp |
| 31:36 | Build | Mining Camp |
| 32:14 | Build | Lumber Camp |
| 32:28 | Build | Lumber Camp |
| 32:47 | Create | Samurai ×5 |
| 33:19 | Research | Ballistics |
| 33:39 | Create | Samurai ×3 |
| 34:19 | Build | Castle |
| 34:46 | Create | Trade Cart ×5 |
| 34:54 | Create | Villager (Male) ×5 |
| 35:05 | Create | Villager (Male) ×5 |
| 35:26 | Create | Samurai ×5 |
| 35:30 | Create | Samurai ×5 |
| 36:42 | Create | Samurai ×5 |
| 36:52 | Build | Farm |
| 37:20 | Build | Farm |
| 37:33 | Build | Farm |
| 37:42 | Build | Castle |
| 37:55 | Create | Samurai ×5 |
| 38:08 | Build | Mill |
| 38:39 | Research | Imperial Age |
| 38:59 | Build | Lumber Camp |
| 39:16 | Build | Farm |
| 39:53 | Research | Caravan |
| 40:32 | Create | Trade Cart ×5 |
| 40:34 | Create | Trade Cart ×5 |
| 40:38 | Create | Trade Cart ×5 |
| 41:08 | Build | Mining Camp |
| 41:23 | Build | Castle |
| 42:24 | Research | Conscription |
| 42:31 | Research | Elite Samurai (upgrade) |
| 42:57 | Research | Blast Furnace |
| 43:01 | Research | Plate Mail Armor |
| 43:13 | Create | Villager (Male) ×5 |
| 43:19 | Create | Villager (Male) ×5 |
| 43:55 | Build | Farm |
| 44:46 | Build | Farm |
| 45:20 | Build | Farm |
| 45:30 | Build | Farm |
| 45:54 | Build | Farm |
| 46:18 | Build | Farm |
| 46:23 | Research | Kataparuto |
| 46:33 | Create | Trebuchet (Packed) ×5 |
| 46:48 | Build | Mill |
Build order — CaptSquigglyP_IV
First 150 of 251 actions detected
| 0:22 | Create | Villager (Male) |
| 0:23 | Create | Villager (Male) |
| 0:23 | Create | Villager (Male) |
| 0:23 | Create | Villager (Male) |
| 0:29 | Build | House |
| 0:30 | Build | House |
| 0:31 | Build | House |
| 1:07 | Build | House |
| 1:14 | Build | House |
| 1:36 | Create | Villager (Male) |
| 2:03 | Create | Villager (Male) |
| 2:29 | Create | Villager (Male) |
| 2:57 | Create | Villager (Male) |
| 3:36 | Create | Villager (Male) |
| 3:57 | Build | Settlement |
| 3:59 | Create | Villager (Male) |
| 4:26 | Create | Villager (Male) |
| 4:42 | Create | Villager (Male) |
| 5:11 | Build | Settlement |
| 5:19 | Create | Villager (Male) |
| 5:38 | Create | Villager (Male) |
| 6:11 | Create | Villager (Male) |
| 7:05 | Create | Villager (Male) |
| 7:06 | Create | Villager (Male) |
| 7:06 | Create | Villager (Male) |
| 7:06 | Create | Villager (Male) |
| 8:02 | Build | Barracks |
| 8:21 | Build | Palisade Wall |
| 8:45 | Create | Villager (Male) |
| 9:20 | Research | Loom |
| 10:04 | Create | Villager (Male) |
| 10:39 | Build | Settlement |
| 10:53 | Create | Unit 2550 |
| 10:54 | Create | Unit 2550 |
| 10:55 | Create | Unit 2550 |
| 11:18 | Build | Barracks |
| 11:19 | Research | Feudal Age |
| 11:27 | Build | Farm |
| 11:29 | Build | Farm |
| 11:30 | Build | Farm |
| 11:31 | Build | Farm |
| 11:32 | Build | Farm |
| 11:34 | Build | Farm |
| 11:39 | Build | Farm |
| 11:44 | Build | Farm |
| 12:56 | Create | Villager (Male) |
| 12:57 | Create | Villager (Male) |
| 12:57 | Create | Villager (Male) |
| 13:41 | Create | Spearman |
| 13:41 | Create | Spearman |
| 13:42 | Create | Spearman |
| 13:42 | Create | Spearman |
| 13:42 | Create | Spearman |
| 14:07 | Build | Archery Range |
| 14:21 | Create | Unit 2550 |
| 14:21 | Create | Unit 2550 |
| 14:53 | Build | Blacksmith |
| 15:19 | Build | Archery Range |
| 15:23 | Create | Skirmisher |
| 15:24 | Create | Skirmisher |
| 15:24 | Create | Skirmisher |
| 15:25 | Create | Skirmisher |
| 15:28 | Create | Unit 2550 |
| 15:29 | Create | Unit 2550 |
| 15:29 | Create | Unit 2550 |
| 15:29 | Create | Unit 2550 |
| 15:38 | Research | Double-Bit Axe |
| 15:49 | Create | Villager (Male) |
| 15:50 | Create | Villager (Male) |
| 15:50 | Create | Villager (Male) |
| 16:26 | Build | Settlement |
| 16:58 | Create | Skirmisher ×4 |
| 16:58 | Create | Skirmisher |
| 17:14 | Build | Farm |
| 17:47 | Create | Villager (Male) |
| 17:47 | Create | Villager (Male) |
| 18:10 | Build | House |
| 18:12 | Build | House |
| 18:15 | Build | House |
| 18:16 | Build | House |
| 19:12 | Create | Archer |
| 19:13 | Create | Archer |
| 20:39 | Research | Castle Age |
| 21:16 | Create | Villager (Male) |
| 21:17 | Create | Villager (Male) |
| 22:47 | Create | Villager (Male) |
| 22:47 | Create | Villager (Male) |
| 22:48 | Create | Villager (Male) |
| 23:01 | Create | Unit 2550 |
| 23:01 | Create | Unit 2550 |
| 23:02 | Create | Unit 2550 |
| 23:11 | Create | Archer |
| 23:11 | Create | Archer |
| 24:02 | Build | Siege Workshop |
| 24:15 | Build | Barracks |
| 24:59 | Create | Mangonel |
| 25:14 | Build | Castle |
| 25:34 | Build | Farm |
| 25:35 | Build | Farm |
| 25:37 | Build | Farm |
| 25:46 | Create | Villager (Male) |
| 25:46 | Create | Villager (Male) |
| 25:46 | Create | Villager (Male) |
| 25:47 | Create | Villager (Male) |
| 25:47 | Create | Villager (Male) |
| 26:57 | Research | Fletching |
| 27:04 | Build | Siege Workshop |
| 27:17 | Build | Town Center |
| 27:30 | Create | Unit 2579 ×2 |
| 27:30 | Create | Unit 2579 |
| 27:45 | Build | House |
| 27:46 | Build | House |
| 27:47 | Build | House |
| 27:48 | Build | House |
| 27:54 | Create | Unit 2579 |
| 27:54 | Create | Unit 2579 |
| 28:11 | Create | Villager (Male) |
| 28:11 | Create | Villager (Male) |
| 28:11 | Create | Villager (Male) |
| 28:12 | Create | Villager (Male) |
| 28:12 | Create | Villager (Male) |
| 28:40 | Research | Wheelbarrow |
| 28:47 | Build | Farm |
| 28:56 | Create | Unit 2579 ×4 |
| 28:56 | Create | Unit 2579 |
| 29:10 | Research | Padded Archer Armor |
| 29:22 | Build | Farm |
| 29:28 | Create | Villager (Male) |
| 29:28 | Create | Villager (Male) |
| 29:28 | Create | Villager (Male) |
| 29:29 | Create | Villager (Male) |
| 29:39 | Research | Horse Collar |
| 29:49 | Build | Farm |
| 30:31 | Build | Stone Wall |
| 30:47 | Build | Farm |
| 30:51 | Build | Farm |
| 30:58 | Create | Villager (Male) |
| 30:58 | Create | Villager (Male) |
| 31:46 | Create | Unit 2579 ×10 |
| 31:46 | Create | Unit 2579 |
| 32:22 | Create | Mangonel |
| 32:43 | Build | Gate |
| 32:52 | Build | Stone Wall |
| 33:15 | Create | Mangonel |
| 33:21 | Create | Mangonel |
| 34:03 | Create | Villager (Male) |
| 34:03 | Create | Villager (Male) |
| 34:03 | Create | Villager (Male) |
| 34:04 | Create | Villager (Male) |
| 34:05 | Create | Villager (Male) |
Build order — Hitman4Hire24
First 150 of 667 actions detected
| 0:07 | Create | Villager (Male) |
| 0:10 | Research | Loom |
| 0:11 | Create | Villager (Male) ×4 |
| 0:18 | Build | House |
| 0:39 | Build | House |
| 0:41 | Build | House |
| 0:43 | Build | House |
| 0:46 | Build | House |
| 2:19 | Create | Villager (Male) |
| 2:45 | Build | Mill |
| 2:47 | Create | Villager (Male) |
| 3:38 | Create | Villager (Male) |
| 3:59 | Create | Villager (Male) |
| 4:55 | Create | Villager (Male) |
| 4:56 | Create | Villager (Male) |
| 5:10 | Create | Villager (Male) |
| 5:10 | Create | Villager (Male) |
| 5:36 | Build | Lumber Camp |
| 5:38 | Create | Villager (Male) |
| 5:51 | Create | Villager (Male) |
| 6:19 | Create | Villager (Male) |
| 7:40 | Create | Villager (Male) |
| 7:41 | Create | Villager (Male) |
| 7:42 | Create | Villager (Male) |
| 7:42 | Create | Villager (Male) |
| 7:55 | Create | Villager (Male) |
| 8:21 | Build | Mill |
| 8:29 | Create | Villager (Male) |
| 9:07 | Create | Villager (Male) |
| 9:09 | Create | Villager (Male) |
| 9:10 | Create | Villager (Male) |
| 9:31 | Build | Barracks |
| 10:43 | Build | Mining Camp |
| 11:06 | Create | Villager (Male) |
| 11:31 | Research | Feudal Age |
| 11:41 | Build | House |
| 11:44 | Build | House |
| 11:47 | Build | House |
| 11:48 | Build | House |
| 13:42 | Research | Double-Bit Axe |
| 13:44 | Research | Wheelbarrow |
| 13:50 | Research | Horse Collar |
| 13:55 | Create | Villager (Male) ×5 |
| 13:56 | Create | Villager (Male) ×5 |
| 14:57 | Research | Town Watch |
| 14:59 | Create | Villager (Male) |
| 15:00 | Create | Villager (Male) |
| 15:33 | Create | Villager (Male) |
| 15:43 | Build | Farm |
| 15:43 | Build | Farm |
| 15:43 | Build | Farm |
| 15:43 | Build | Farm |
| 15:43 | Build | Farm |
| 15:43 | Build | Farm |
| 15:43 | Build | Farm |
| 15:43 | Build | Farm |
| 15:43 | Build | Farm |
| 15:43 | Build | Farm |
| 15:43 | Build | Farm |
| 15:43 | Build | Farm |
| 15:43 | Build | Farm |
| 15:43 | Build | Farm |
| 15:43 | Build | Farm |
| 15:43 | Build | Farm |
| 15:43 | Build | Farm |
| 15:43 | Build | Farm |
| 15:43 | Build | Farm |
| 15:43 | Build | Farm |
| 15:43 | Build | Farm |
| 15:43 | Build | Farm |
| 15:43 | Build | Farm |
| 15:43 | Build | Archery Range |
| 15:47 | Build | Farm |
| 15:47 | Build | Farm |
| 15:47 | Build | Farm |
| 15:47 | Build | Farm |
| 15:47 | Build | Farm |
| 15:47 | Build | Farm |
| 15:47 | Build | Farm |
| 15:48 | Build | Farm |
| 15:48 | Build | Farm |
| 15:48 | Build | Farm |
| 15:48 | Build | Farm |
| 15:48 | Build | Farm |
| 16:02 | Build | Farm |
| 16:02 | Build | Farm |
| 16:02 | Build | Farm |
| 16:02 | Build | Farm |
| 16:39 | Build | Farm |
| 16:40 | Build | Farm |
| 16:40 | Build | Farm |
| 16:40 | Build | Farm |
| 16:40 | Build | Farm |
| 16:40 | Build | Farm |
| 16:40 | Build | Farm |
| 17:05 | Build | Farm |
| 17:14 | Build | Blacksmith |
| 17:17 | Create | Villager (Male) |
| 17:18 | Create | Villager (Male) |
| 17:28 | Build | Archery Range |
| 17:40 | Build | Farm |
| 17:40 | Build | Farm |
| 17:40 | Build | Farm |
| 17:40 | Build | Farm |
| 17:40 | Build | Farm |
| 17:40 | Build | Farm |
| 17:40 | Build | Farm |
| 17:40 | Build | Farm |
| 17:40 | Build | Farm |
| 17:40 | Build | Farm |
| 17:54 | Build | Farm |
| 17:55 | Build | Farm |
| 17:55 | Build | Farm |
| 17:55 | Build | Farm |
| 18:19 | Build | Farm |
| 18:20 | Build | Farm |
| 18:20 | Build | Farm |
| 18:45 | Build | Farm |
| 18:45 | Build | Farm |
| 19:10 | Build | Farm |
| 19:18 | Build | Archery Range |
| 19:21 | Research | Man-at-Arms (upgrade) |
| 19:22 | Research | Arson |
| 19:23 | Create | Militia ×5 |
| 19:36 | Create | Skirmisher ×2 |
| 19:50 | Create | Skirmisher |
| 19:51 | Create | Skirmisher |
| 19:52 | Create | Skirmisher |
| 19:56 | Create | Villager (Male) |
| 20:29 | Create | Skirmisher ×5 |
| 20:54 | Build | Watch Tower |
| 21:39 | Research | Fletching |
| 21:47 | Create | Skirmisher ×5 |
| 22:16 | Create | Skirmisher ×5 |
| 22:19 | Create | Villager (Male) ×5 |
| 22:51 | Research | Forging |
| 23:19 | Create | Archer ×5 |
| 23:22 | Create | Militia ×2 |
| 23:23 | Create | Spearman |
| 24:17 | Build | House |
| 24:20 | Build | House |
| 24:21 | Build | House |
| 24:23 | Build | House |
| 24:25 | Build | House |
| 24:33 | Create | Militia ×5 |
| 24:45 | Build | Barracks |
| 24:48 | Build | Stable |
| 24:50 | Build | Stable |
| 25:10 | Build | Gate |
| 25:28 | Build | Watch Tower |
Build order — danidevin
First 150 of 361 actions detected
| 0:04 | Build | House |
| 0:05 | Build | House |
| 0:08 | Create | Villager (Male) ×4 |
| 0:09 | Create | Villager (Male) ×4 |
| 2:03 | Create | Villager (Male) |
| 2:28 | Create | Villager (Male) |
| 2:35 | Build | Mill |
| 3:07 | Create | Villager (Male) |
| 3:18 | Create | Villager (Male) |
| 3:50 | Create | Villager (Male) |
| 4:52 | Create | Villager (Male) ×3 |
| 5:04 | Build | Lumber Camp |
| 5:14 | Build | House |
| 5:15 | Build | House |
| 5:23 | Create | Villager (Male) |
| 6:28 | Build | House |
| 7:43 | Build | Mining Camp |
| 7:50 | Research | Feudal Age |
| 9:52 | Build | Outpost |
| 10:01 | Create | Villager (Male) ×5 |
| 10:02 | Create | Villager (Male) ×5 |
| 10:18 | Build | Stone Wall |
| 11:24 | Create | Villager (Male) ×2 |
| 11:47 | Build | Stone Wall |
| 12:47 | Create | Villager (Male) |
| 13:19 | Research | Loom |
| 13:21 | Create | Villager (Male) |
| 14:17 | Create | Villager (Male) ×2 |
| 14:18 | Create | Villager (Male) ×2 |
| 14:51 | Build | Outpost |
| 15:11 | Build | Outpost |
| 15:30 | Build | Farm |
| 15:31 | Build | Farm |
| 15:32 | Build | Farm |
| 15:36 | Create | Villager (Male) ×2 |
| 15:40 | Build | House |
| 15:49 | Build | Outpost |
| 15:55 | Create | Villager (Male) |
| 16:10 | Build | House |
| 16:11 | Build | House |
| 16:13 | Build | House |
| 16:14 | Build | House |
| 16:15 | Build | House |
| 16:16 | Build | House |
| 16:18 | Build | House |
| 16:20 | Build | House |
| 16:21 | Build | House |
| 16:36 | Build | Farm |
| 16:40 | Create | Villager (Male) |
| 16:57 | Build | Outpost |
| 17:06 | Build | Farm |
| 17:09 | Create | Villager (Male) ×2 |
| 17:18 | Build | Barracks |
| 17:31 | Build | Stone Wall |
| 18:05 | Build | Outpost |
| 18:49 | Build | Outpost |
| 19:03 | Build | Stone Wall |
| 19:15 | Build | Stone Wall |
| 19:35 | Build | Stone Wall |
| 19:46 | Build | Farm |
| 19:47 | Build | Farm |
| 19:47 | Build | Farm |
| 19:47 | Build | Farm |
| 19:48 | Build | Farm |
| 19:48 | Build | Farm |
| 19:48 | Build | Farm |
| 19:58 | Create | Spearman ×4 |
| 20:15 | Build | House |
| 20:16 | Build | House |
| 20:21 | Create | Villager (Male) ×3 |
| 20:22 | Create | Villager (Male) ×3 |
| 20:44 | Build | Watch Tower |
| 21:50 | Create | Spearman ×5 |
| 22:08 | Create | Villager (Male) ×5 |
| 22:12 | Research | Double-Bit Axe |
| 22:59 | Create | Spearman ×5 |
| 24:06 | Build | Lumber Camp |
| 24:18 | Build | Lumber Camp |
| 24:23 | Create | Villager (Male) ×5 |
| 24:31 | Create | Spearman ×5 |
| 24:55 | Build | Blacksmith |
| 25:47 | Research | Forging |
| 25:47 | Research | Fletching |
| 25:57 | Create | Villager (Male) ×2 |
| 26:39 | Build | Lumber Camp |
| 27:05 | Create | Spearman ×5 |
| 27:17 | Build | Barracks |
| 27:20 | Create | Villager (Male) |
| 27:30 | Build | Farm |
| 27:31 | Build | Farm |
| 27:31 | Build | Farm |
| 27:32 | Build | Farm |
| 27:32 | Build | Farm |
| 27:33 | Build | Farm |
| 27:37 | Build | Farm |
| 27:40 | Create | Villager (Male) |
| 28:05 | Create | Spearman ×2 |
| 28:29 | Build | Farm |
| 28:30 | Build | Farm |
| 28:50 | Create | Villager (Male) ×3 |
| 28:50 | Create | Villager (Male) ×3 |
| 29:03 | Build | Market |
| 29:16 | Build | Market |
| 29:41 | Create | Spearman ×5 |
| 29:43 | Create | Spearman ×2 |
| 30:02 | Build | Farm |
| 30:05 | Build | Farm |
| 30:15 | Create | Spearman ×5 |
| 30:25 | Build | Barracks |
| 31:05 | Create | Spearman ×5 |
| 31:05 | Create | Spearman ×2 |
| 31:06 | Create | Spearman |
| 31:48 | Create | Spearman ×5 |
| 31:48 | Create | Spearman ×5 |
| 32:02 | Build | Barracks |
| 32:10 | Build | Mining Camp |
| 32:18 | Build | Farm |
| 32:20 | Create | Villager (Male) ×3 |
| 32:29 | Create | Villager (Male) ×3 |
| 32:49 | Build | House |
| 32:50 | Build | House |
| 32:52 | Build | House |
| 32:59 | Build | Farm |
| 33:06 | Build | Barracks |
| 33:09 | Build | Barracks |
| 33:19 | Research | Arson |
| 33:47 | Build | Farm |
| 33:53 | Build | House |
| 33:55 | Build | House |
| 33:56 | Build | House |
| 33:57 | Build | House |
| 34:01 | Create | Villager (Male) ×5 |
| 34:39 | Build | Farm |
| 34:43 | Build | Barracks |
| 35:04 | Build | Farm |
| 35:09 | Create | Villager (Male) ×5 |
| 35:14 | Research | Gold Mining |
| 35:17 | Research | Stone Mining |
| 35:37 | Research | Scale Mail Armor |
| 35:52 | Build | House |
| 35:53 | Build | House |
| 35:54 | Build | House |
| 35:57 | Build | Farm |
| 36:01 | Build | Farm |
| 36:15 | Research | Castle Age |
| 36:15 | Research | Wheelbarrow |
| 37:32 | Build | House |
| 38:00 | Build | House |
| 38:01 | Build | House |
| 38:02 | Build | House |
Match timeline
| 8:02 | CaptSquigglyP_IV · first_building Barracks |
| 8:21 | CaptSquigglyP_IV · wall_segment Palisade Wall x7 |
| 8:42 | Skr111992 · first_building Barracks |
| 9:31 | Hitman4Hire24 · first_building Barracks |
| 10:18 | danidevin · wall_segment Stone Wall x2 |
| 10:49 | def4bensemana · first_building Barracks |
| 11:47 | danidevin · wall_segment Stone Wall x4 |
| 14:07 | CaptSquigglyP_IV · first_building Archery Range |
| 15:32 | Hans Brix · first_building Barracks |
| 15:43 | Hitman4Hire24 · first_building Archery Range |
| 15:48 | Skr111992 · first_building Stable |
| 16:18 | def4bensemana · first_market_buy 100 food |
| 16:53 | Hans Brix · first_building Stable |
| 17:18 | danidevin · first_building Barracks |
| 17:31 | danidevin · wall_segment Stone Wall x2 |
| 17:35 | def4bensemana · first_building Archery Range |
| 18:19 | DarkSaintOfWar · first_building Barracks |
| 19:03 | danidevin · wall_segment Stone Wall x2 |
| 19:15 | danidevin · wall_segment Stone Wall x1 |
| 19:35 | danidevin · wall_segment Stone Wall x2 |
| 19:58 | Hans Brix · first_building Archery Range |
| 20:15 | def4bensemana · first_building Castle |
| 20:20 | Skr111992 · first_building Archery Range |
| 20:27 | def4bensemana · wall_segment Stone Wall x4 |
| 21:18 | DarkSaintOfWar · first_building Archery Range |
| 22:14 | drtySASQUATCH69 · first_building Stable |
| 24:02 | CaptSquigglyP_IV · first_building Siege Workshop |
| 24:46 | def4bensemana · first_building Siege Workshop |
| 24:48 | Hitman4Hire24 · first_building Stable |
| 25:14 | CaptSquigglyP_IV · first_building Castle |
| 25:58 | Hans Brix · first_building Monastery |
| 27:08 | DarkSaintOfWar · first_building Castle |
| 27:54 | drtySASQUATCH69 · first_building Castle |
| 29:21 | drtySASQUATCH69 · first_market_buy 100 food |
| 30:26 | Hans Brix · first_building Castle |
| 30:31 | CaptSquigglyP_IV · wall_segment Stone Wall x11 |
| 32:23 | danidevin · first_market_sell 500 wood |
| 32:26 | danidevin · first_market_buy 100 food |
| 32:52 | CaptSquigglyP_IV · wall_segment Stone Wall x16 |
| 33:11 | Skr111992 · first_building Castle |
| 34:11 | Hitman4Hire24 · first_building Castle |
| 37:50 | CaptSquigglyP_IV · wall_segment Stone Wall x8 |
| 38:33 | CaptSquigglyP_IV · wall_segment Stone Wall x6 |
| 42:59 | Hitman4Hire24 · first_building Monastery |
| 43:21 | drtySASQUATCH69 · first_building Monastery |
| 43:38 | drtySASQUATCH69 · first_building Siege Workshop |
| 43:48 | Hitman4Hire24 · first_building Siege Workshop |
| 44:48 | Skr111992 · first_building Monastery |
| 51:36 | def4bensemana · first_building Stable |
| 55:19 | danidevin · first_building Castle |
| 59:07 | def4bensemana · wall_segment Stone Wall x7 |
| 62:49 | Hans Brix · first_building Siege Workshop |
| 63:24 | danidevin · first_building Stable |
| 66:16 | def4bensemana · resign |
[ AI ANALYSIS · 1 CREDIT ]
What really happened in this match?
Wolo.gg analyzes every decision: build order, eco, micro, common mistakes by bracket. Personalized analysis on WhatsApp or Discord in 30 seconds.
Civ guide
Vietnamese
Map guide
Arena
Perfil
Jugador #24099448